[Event "Fagernes Chess GM-Swiss 2025"]
[Site "Fagernes"]
[Date "2025.04.16"]
[Round "4.1"]
[White "Urkedal, Frode Olav Olsen"]
[Black "Jumabayev, Rinat"]
[Result "0-1"]
[Annotator "TA"]
[ECO "D26"]
[WhiteElo "2550"]
[BlackElo "2549"]
[PlyCount "130"]
[EventDate "2025.04.12"]
[EventCountry "NOR"]
[SourceTitle "playchess.com"]
[Source "ChessBase"]
[SourceQuality "1"]
[TimeControl "40/6000+30:2400+30"]

1. d4 d5 2. c4 dxc4 3. Nf3 Nf6 4. e3 e6 5. Bxc4 a6 6. O-O Be7 7. b3 {[%emt 0:02:52] D26: Queen's Gambit Accepted: 4 e3 e6 5 Bxc5 c5 sidelines.} Nbd7 8. Bb2 O-O 9. Nbd2 {[%emt 0:00:58] The position is equal.} b5 10. Be2 Bb7 11. a4 Qb8 12. axb5 $146 (12. Qb1 c5 13. Rc1 cxd4 14. Nxd4 Bb4 15. N2f3 bxa4 16. Rxa4 Be4 17. Qa1 a5 18. Nc6 Bxc6 19. Rxc6 {0-1 Larsen,B (2570)-Speelman,J (2615) Hastings 8788 1987 (6)}) 12... axb5 13. Bd3 c5 14. Qe2 b4 15. Ne5 cxd4 16. Nxd7 (16. Rxa8 Bxa8 17. Nxd7 Nxd7 18. Bxd4 Bf6 19. Bxf6 Nxf6 20. e4) 16... Nxd7 17. Bxd4 (17. Rxa8 Bxa8 18. Bxd4 Bf6 19. Bxf6 Nxf6 20. e4) 17... Bf6 (17... Rxa1 18. Rxa1 Bf6 19. Nc4 Bxd4 20. exd4 Rd8) 18. Qh5 (18. Rxa8 Bxa8 19. Bxf6 Nxf6 20. e4) 18... h6 19. Qb5 Bxd4 20. exd4 Nf6 21. Qxb4 Nd5 22. Rxa8 $1 Qxa8 23. Qd6 Rd8 24. Qg3 Nf6 25. Nc4 Rxd4 26. Be2 {[%emt 0:00:07] Prevents Rg4.} Nd5 27. Re1 $1 Nf4 {[%emt 0:02:05] ( -> ...Nxe2+)} 28. Bf1 h5 (28... f6 $15) 29. h3 $1 $11 Qd8 30. Qc3 Rd5 31. g3 Nd3 32. Re3 Nc5 33. Ne5 h4 34. Nd3 Qd6 35. gxh4 {[%emt 0:01:14][%csl Ob3,Of2,Oh3,Oh4] White has weak pawns} Qc6 {[%emt 0:01:31][%cal Od5g5] ( -> ...Rg5+!)} 36. f3 (36. Nb4 $2 Rg5+ 37. hxg5 Qh1#) ({Better is} 36. Bg2 $1 $15 Rg5 37. f3 Nxd3 38. Rxd3 (38. Qxc6 Rxg2+ 39. Kxg2 Nf4+ 40. Kg3 Nh5+ 41. Kf2 Bxc6 $15)) 36... Qb6 (36... Qd6 $17 37. b4 Nxd3 38. Rxd3 Rxd3 39. Qxd3 Qxb4 40. Qd8+ Kh7 41. Bd3+ f5) 37. Qb4 $15 Qd6 38. Kg2 {[%emt 0:00:39] Prevents Qg3+} (38. Nxc5 $2 Qg3+ (38... Qxc5 39. Qxc5 Rxc5 40. Kf2 $11) 39. Kh1 Rd1 $19) 38... Ba6 (38... Qc7 39. Qc3 Qb6 40. Qb4 Qxb4 41. Nxb4 Rd4) 39. Nf2 Rd2 $36 {[%emt 0:00:26][%mdl 2048] Black has some pressure.} (39... Bxf1+ {simplifies} 40. Kxf1 Qd8 41. Rc3 Nd7) 40. Bxa6 {[%emt 0:00:30] [#] Loses the game.} (40. Qc3 $15) 40... Rxf2+ $1 $19 (40... Nxa6 41. Qxd6 Rxd6 42. Rd3 $11) 41. Kxf2 {[%emt 0:40:06] [#]} Nd3+ $1 42. Rxd3 (42. Bxd3 Qxb4) 42... Qxb4 {[%emt 0:00:02][%mdl 4096] Endgame KQ-KRB} 43. Bc4 Qb8 44. Kg2 Qf4 {[%emt 0:00:00] Wards off Rd4} 45. Rd8+ Kh7 46. Rd7 Kg6 (46... Qxh4 47. Rxf7 Qg5+ 48. Kf1 $17) 47. Ra7 Qd2+ 48. Kg3 $2 (48. Kf1 {was the crucial defense.}) 48... Qe1+ ({Not} 48... Qd6+ 49. Kg2 $17) (48... f5 $142 {( -> ...f4+)} 49. Ra6 Kh5) 49. Kg2 Qxh4 50. Bxe6 $2 (50. Ra2) 50... fxe6 {[%emt 0:00:00] KQ-KR} 51. Ra4 Qe1 {[%emt 0:00:00] Strongly threatening ...Qd2+.} 52. Re4 Qd2+ 53. Kg3 Qd1 54. Rg4+ Kf6 {[%emt 0:00:00] ( -> ...Qg1+)} 55. Rf4+ Ke7 56. Rg4 Kf8 (56... Qg1+ $142 57. Kf4 Qe1 58. h4 Kf6 59. Rg2 Qxh4+ 60. Ke3 Qe1+ 61. Re2 Qg1+ 62. Kd2 Qg3 63. Re3 Qf2+ (63... Qg5 $2 64. b4 $19) 64. Re2 Qxf3 65. Re3 Qg2+ 66. Re2 Qd5+ 67. Ke1 Kf5 (67... Qxb3 $2 68. Rf2+ Kg5 69. Rg2+ Kf4 70. Rf2+ $19) 68. Rf2+ Kg4 69. Rf7 Qxb3 70. Ke2 g5 71. Kd2 e5 72. Rc7 e4 73. Rc8 e3+ 74. Ke2 Qa2+ (74... Qe6 $2 75. Rc1 $19) 75. Kxe3 Qe6+ 76. Kd4 Qxc8 77. Kd5 Kf3 78. Kd6 g4 79. Ke7 g3 80. Kd6 g2 81. Kd5 g1=Q (81... g1=R {leads to mate.} 82. Ke5 Rg6 83. Kd5 Kf4 84. Kd4 Rd6#) 82. Ke5 Qd7 83. Kf6 Qgg7#) 57. b4 Qg1+ 58. Kf4 Qh2+ 59. Ke3 Qxh3 60. Kf2 {[%emt 0:00:00] Against Qf1+} Qh2+ 61. Kf1 Kf7 62. Ke1 Kf6 63. Kf1 Qd2 64. Re4 Kf5 {[%emt 0:00:00] ( -> ...Qd5)} 65. Rg4 g6 {[%emt 0:00:00] Weighted Error Value: White=0.55/Black=0.13 (very precise)   Loses game:     	White=1     	---        Mistake:       	White=3     	Black=3      Inaccurate:     	White=3     	Black=1      OK:         	White=14    	Black=26     Best:        	White=1     	---        Strong:       	White=3     	Black=1      Brilliant:      	---       	Black=1} (65... Qe3 $142 66. Kg2 Qe2+ 67. Kg3 g5 68. b5 Qf1 (68... Qxb5 $2 69. Kf2 $19) 69. b6 Qg1+ 70. Kh3 Qf2 (70... Qxb6 $2 71. Kg2 $19) 71. b7 Qxf3+ 72. Kh2 Qxb7 (72... Kxg4 $2 73. b8=Q $19) 73. Rg1 Qh7+ 74. Kg2 Kg4 75. Ra1 Qe4+ 76. Kf2 Qd4+ 77. Ke2 Qxa1 78. Kd2 Kf3 79. Kd3 Qa4 80. Kc3 Ke2 81. Kb2 Kd3 82. Kb1 Kc3 83. Kc1 Qc2#) 0-1

[Event "Fagernes Chess GM-Swiss 2025"]
[Site "Fagernes"]
[Date "2025.04.16"]
[Round "4.2"]
[White "Raja Rithvik R"]
[Black "Makhnev, Denis"]
[Result "1/2-1/2"]
[Annotator "TA"]
[ECO "E51"]
[WhiteElo "2538"]
[BlackElo "2537"]
[PlyCount "30"]
[EventDate "2025.04.12"]
[EventCountry "NOR"]
[SourceTitle "playchess.com"]
[Source "ChessBase"]
[SourceQuality "1"]
[TimeControl "40/6000+30:2400+30"]

1. d4 Nf6 2. c4 e6 3. Nc3 Bb4 4. e3 O-O 5. Bd2 d5 6. Nf3 Re8 {[%emt 0:00:39] E51: Nimzo-Indian: Rubinstein: 4...0-0 5 Nf3 d5.} 7. Rc1 a6 8. Bd3 dxc4 9. Bxc4 Nbd7 10. O-O b5 11. Be2 Bd6 12. Ng5 $5 $146 {[%emt 0:01:45][%mdl 8] New and interesting.} (12. e4 e5 13. Bg5 h6 14. Bh4 Bb7 15. dxe5 Nxe5 16. Nxe5 Bxe5 17. f3 Qe7 18. Qe1 {0-1 Sabuk,P (2406)-Krzyzanowski,M (2510) Katowice Silesia 100th Ann op rapid 2024 (10)}) 12... Bb7 13. Bf3 Bxf3 14. Qxf3 c5 15. Nge4 cxd4 {[%emt 0:01:48] A rather calm draw.   Weighted Error Value: White=0.05 (flawless) /Black=0.03 (flawless)   OK:         	---       	Black=4      Best:        	---       	Black=1} 1/2-1/2

[Event "Fagernes Chess GM-Swiss 2025"]
[Site "Fagernes"]
[Date "2025.04.16"]
[Round "4.3"]
[White "Moksh Amit Doshi"]
[Black "Ghasi, Ameet K"]
[Result "1/2-1/2"]
[Annotator "RC"]
[ECO "E95"]
[WhiteElo "2369"]
[BlackElo "2502"]
[PlyCount "65"]
[EventDate "2025.04.12"]
[EventCountry "NOR"]
[SourceTitle "playchess.com"]
[Source "ChessBase"]
[SourceQuality "1"]
[TimeControl "40/6000+30:2400+30"]

1. d4 Nf6 2. c4 g6 3. Nc3 Bg7 4. e4 d6 5. Nf3 O-O 6. Be2 e5 7. O-O h6 8. Re1 Nbd7 9. Bf1 Re8 10. Rb1 exd4 11. Nxd4 Ne5 12. h3 Nc6 13. Nc2 Be6 14. Be3 Ne5 15. b3 g5 16. Nd4 Qd7 17. Qc2 g4 18. h4 c6 19. Rbd1 Qc7 20. Nce2 Ng6 21. g3 Qa5 22. Nxe6 fxe6 23. Bg2 Rad8 24. Qd2 Qxd2 25. Rxd2 b6 26. Red1 Bf8 27. c5 bxc5 28. Bxc5 Rd7 29. Ba3 Ne5 30. Bb2 Rf7 31. Bxe5 dxe5 32. Nc1 Bc5 33. Nd3 1/2-1/2

[Event "Fagernes Chess GM-Swiss 2025"]
[Site "Fagernes"]
[Date "2025.04.16"]
[Round "4.4"]
[White "Vijayakumar, Rishi"]
[Black "Kvaloy, Aksel Bu"]
[Result "0-1"]
[Annotator "RC"]
[ECO "D61"]
[WhiteElo "2317"]
[BlackElo "2481"]
[PlyCount "110"]
[EventDate "2025.04.12"]
[EventCountry "NOR"]
[SourceTitle "playchess.com"]
[Source "ChessBase"]
[SourceQuality "1"]
[TimeControl "40/6000+30:2400+30"]

1. d4 Nf6 2. c4 e6 3. Nf3 d5 4. Nc3 Nbd7 5. Bg5 h6 6. Bh4 Be7 7. e3 O-O 8. Qc2 c5 9. cxd5 Nxd5 10. Bxe7 Nxe7 11. Be2 cxd4 12. Nxd4 Nf6 13. O-O Bd7 14. Rfd1 Qb6 15. Qb3 Qxb3 16. Nxb3 Rac8 17. e4 e5 18. f3 Be6 19. Na5 Rc7 20. Rd2 a6 21. Rad1 Nc6 22. Nxc6 Rxc6 23. Rd6 Rxd6 24. Rxd6 Rc8 25. Kf2 Kf8 26. Ke3 Ke7 27. Rd2 Nd7 28. Nd5+ Bxd5 29. Rxd5 f6 30. g3 Nb6 31. Rd2 Rc5 32. f4 a5 33. b3 Nc8 34. Bd3 Na7 35. Bc4 b5 36. Rd5 Rxd5 37. Bxd5 Kd6 38. f5 b4 39. Bc4 Kc5 40. Kd3 Nc8 41. Ba6 Nb6 42. h4 a4 43. h5 a3 44. Bb7 Nc4 45. Ba6 Nb2+ 46. Ke3 Nd1+ 47. Kd2 Nc3 48. Kc2 Kd4 49. g4 Nxa2 50. Kb1 Nc3+ 51. Ka1 Nxe4 52. Be2 Kc3 53. Ka2 Ng3 54. Bd1 e4 55. g5 hxg5 0-1

[Event "Fagernes Chess GM-Swiss 2025"]
[Site "Fagernes"]
[Date "2025.04.16"]
[Round "4.5"]
[White "Johansson, Linus"]
[Black "Kreken, Eivind Grunt"]
[Result "1/2-1/2"]
[Annotator "RC"]
[ECO "D25"]
[WhiteElo "2392"]
[BlackElo "2326"]
[PlyCount "103"]
[EventDate "2025.04.12"]
[EventCountry "NOR"]
[SourceTitle "playchess.com"]
[Source "ChessBase"]
[SourceQuality "1"]
[TimeControl "40/6000+30:2400+30"]

1. d4 d5 2. c4 dxc4 3. Nf3 Nf6 4. e3 Bg4 5. Bxc4 e6 6. h3 Bh5 7. Nbd2 Nbd7 8. O-O c5 9. Re1 Be7 10. e4 cxd4 11. e5 Nd5 12. Nf1 O-O 13. Bxd5 exd5 14. Ng3 Bg6 15. Nxd4 Nc5 16. Ndf5 Re8 17. Be3 Ne4 18. Qg4 Qc8 19. Rac1 Qe6 20. Rc7 Nxg3 21. Nxe7+ Rxe7 22. Rxe7 Qxe7 23. Qxg3 Qb4 24. Rc1 Qxb2 25. Qf4 Re8 26. Bd4 Qe2 27. Rc7 b5 28. Rxa7 h5 29. Kh2 Qe4 30. Qxe4 Bxe4 31. Kg3 h4+ 32. Kxh4 Bxg2 33. f4 Re6 34. f5 Rh6+ 35. Kg3 Be4 36. Kf4 Rh5 37. f6 gxf6 38. exf6 Rxh3 39. Ke5 b4 40. Rb7 Ra3 41. Rxb4 Rxa2 42. Rb8+ Kh7 43. Rf8 Bg6 44. Kxd5 Ra5+ 45. Bc5 Ra6 46. Be7 Ra5+ 47. Kd4 Ra4+ 48. Ke3 Re4+ 49. Kf3 Rc4 50. Rb8 Ra4 51. Kg3 Rc4 52. Rb4 1/2-1/2

[Event "Fagernes Chess GM-Swiss 2025"]
[Site "Fagernes"]
[Date "2025.04.16"]
[Round "4.6"]
[White "Ghosh, Diptayan"]
[Black "Zhou, Yang-Fan"]
[Result "1/2-1/2"]
[Annotator "TA"]
[ECO "D87"]
[WhiteElo "2573"]
[BlackElo "2418"]
[PlyCount "109"]
[EventDate "2025.04.12"]
[EventCountry "NOR"]
[SourceTitle "playchess.com"]
[Source "ChessBase"]
[SourceQuality "1"]
[TimeControl "40/6000+30:2400+30"]

1. d4 Nf6 2. c4 g6 3. Nc3 d5 4. cxd5 Nxd5 5. e4 Nxc3 6. bxc3 Bg7 7. Bc4 c5 8. Ne2 O-O 9. d5 {[%emt 0:00:15] D87: Exchange Grünfeld: Classical Line: Variations without ...cxd4.} Nd7 10. O-O Nb6 11. Bb3 {[%emt 0:01:08] The position is equal.} c4 12. Bc2 f5 $1 13. Re1 $146 (13. f3 fxe4 14. Bxe4 Qc7 15. Ba3 Rd8 16. Qd2 Nxd5 17. Bxd5+ e6 18. Bxe6+ Bxe6 19. Nd4 {½-½ Zherebtsova,A (2246)-Adithya,A (2111) Budapest FS08 IM 2024 (7)}) 13... fxe4 14. Bxe4 Bf5 15. Bf3 Qd7 16. Ba3 Rad8 17. Nd4 Rfe8 (17... Nxd5 $6 18. Bxd5+ Qxd5 19. Bxe7 (19. Rxe7 Rf7 $15) 19... Bxd4 20. cxd4 $16) 18. Nxf5 gxf5 19. Qd2 Nxd5 20. Rad1 e6 21. Bh5 Qc6 22. Bxe8 Rxe8 23. Bb2 b5 24. Ba1 a6 25. a4 {[%emt 0:01:46] White is weak on the light squares} bxa4 $17 {[%emt 0:01:33][%csl Oa4] Black has a strong passed pawn} 26. Rb1 (26. Qg5 $142) 26... a3 {[%emt 0:02:08] Black plays on the queen side and is better} 27. g3 (27. Rbd1 $17) 27... Nf6 $1 $19 28. Qe3 Nd7 {[%emt 0:05:33] Repels Rb6} (28... Ne4 $1 $17) 29. Qf4 $1 $15 Nb6 (29... Bf6 $17) 30. Qc1 Bf8 31. Qg5+ $1 Bg7 32. Qc1 Qc5 (32... h5 $5) 33. Re2 (33. Qg5 $11) 33... h6 $17 34. Ra2 Bf8 35. Qd1 Qc6 $1 36. Qh5 Kg7 {[%emt 0:00:27] Against Qg6+} 37. Re2 Bc5 38. Rd1 Nd5 (38... Re7 $1 $19 {Strongly threatening ...Nd7.} 39. h3 Nd7) 39. Qf3 (39. Rxd5 $2 Qxd5 40. Qxe8 Qd1+ 41. Kg2 Qxe2 42. Qd7+ Kf6 43. Qd8+ Kf7 44. Qc7+ Be7 $19) 39... Re7 40. Rde1 Qb6 (40... Qe8 $17) 41. g4 $1 $36 {[%emt 0:06:22][%mdl 2048] White has the initiative.} fxg4 42. Qxg4+ Kh8 {[%emt 0:00:37] Counterplay White} (42... Kh7 $11 43. Kh1 (43. Qxc4 Bxf2+ 44. Rxf2 Rg7+ 45. Kf1 Ne3+ 46. Rxe3 Qxe3 $11) 43... Nf6) 43. Qxc4 $16 Bxf2+ 44. Rxf2 $18 {[%emt 0:01:52] and Qc8+ should not be overlooked} Rg7+ 45. Kf1 Ne3+ {[%emt 0:00:01] [#]} 46. Rxe3 $1 Qxe3 {[%emt 0:00:05] [#]} 47. Qd4 $1 (47. Qxa6 Qh3+ (47... Qc1+ 48. Ke2 $11) 48. Ke1 (48. Ke2 Qg4+ 49. Ke3 Qg5+ 50. Kd3 Qd5+ 51. Ke3 Qg5+ 52. Ke2 Qh5+ 53. Ke3 Qg5+ $11) 48... Qe3+ 49. Kf1 Kh7 $11) 47... Qc1+ 48. Ke2 {[%emt 0:00:04] Threatening mate with Rf8+.} Qc2+ ({Not} 48... Qxa1 49. Rf8+ Kh7 50. Qd3+ Rg6 51. Rf7+ (51. Qxa6 $2 {too greedy.} Rg2+ 52. Kf3 Qh1 $19) 51... Kh8 52. Qd8+ (52. Qxg6 Qb2+ 53. Kd1 Qb3+ 54. Ke2 Qb2+ 55. Kd1 Qb3+ 56. Kd2 Qd5+ 57. Qd3 Qg2+ 58. Ke3 Qh3+ 59. Ke4 Qg4+ 60. Ke5 Qg8 $18) 52... Rg8 53. Qf6+) (48... Kg8 {might work better.}) 49. Ke3 Qc1+ {[%emt 0:00:14] [#]} 50. Qd2 $1 Qg1 (50... Qxa1 51. Rf8+ Rg8 52. Qd4+ Kh7 53. Qd3+ Kh8 54. Rf1 $16 (54. Rxg8+ Kxg8 55. Qg6+ Kf8 $11)) 51. Qd8+ Kh7 52. Qd3+ Kg8 53. Qd8+ $2 (53. Qf1 $18) 53... Kh7 $11 54. Qd3+ ({White should play} 54. Ke2 $11) 54... Kg8 $16 55. Qd8+ {[%emt 0:01:35] Weighted Error Value: White=0.20 (precise) /Black=0.20 (precise)   Missed win:     	White=1     	---        Mistake:       	White=6     	Black=7      Inaccurate:     	White=1     	Black=2      OK:         	White=11    	Black=20     Best:        	White=6     	Black=6      Strong:       	White=5     	Black=2      Brilliant:      	White=1     	---} (55. Qf1 $16) 1/2-1/2

[Event "Fagernes Chess GM-Swiss 2025"]
[Site "Fagernes"]
[Date "2025.04.16"]
[Round "4.7"]
[White "Kulaots, Kaido"]
[Black "Vestby-Ellingsen, Mads"]
[Result "1/2-1/2"]
[Annotator "RC"]
[ECO "D35"]
[WhiteElo "2510"]
[BlackElo "2398"]
[PlyCount "93"]
[EventDate "2025.04.12"]
[EventCountry "NOR"]
[SourceTitle "playchess.com"]
[Source "ChessBase"]
[SourceQuality "1"]
[TimeControl "40/6000+30:2400+30"]

1. c4 e6 2. Nc3 d5 3. d4 Nf6 4. cxd5 exd5 5. Bg5 c6 6. e3 Be6 7. Bd3 Nbd7 8. h3 Bd6 9. Nge2 h6 10. Bf4 Bxf4 11. Nxf4 Qe7 12. O-O O-O 13. Qc2 Rfd8 14. Rab1 c5 15. Nxe6 Qxe6 16. Bf5 Qe7 17. Rbd1 c4 18. b3 g6 19. Bxd7 cxb3 20. Qxb3 Qxd7 21. Rb1 Rac8 22. Rfc1 b6 23. Rc2 Rc7 24. Rbc1 Rdc8 25. Ne2 Rxc2 26. Rxc2 Rxc2 27. Qxc2 a5 28. f3 Kg7 29. Kf2 h5 30. Nf4 h4 31. Ne2 Qd6 32. Qb3 Qc7 33. Nc3 Qg3+ 34. Kf1 Qh2 35. Nxd5 Nh5 36. Qxb6 Ng3+ 37. Kf2 Nh1+ 38. Ke1 Qxg2 39. Qf6+ Kg8 40. Qd8+ Kg7 41. Qf6+ Kg8 42. a4 Qc2 43. Qd8+ Kg7 44. Qf6+ Kg8 45. Qd8+ Kg7 46. Qf6+ Kg8 47. e4 1/2-1/2

[Event "Fagernes Chess GM-Swiss 2025"]
[Site "Fagernes"]
[Date "2025.04.16"]
[Round "4.8"]
[White "Rozentalis, Eduardas"]
[Black "Aradhya, Garg"]
[Result "1/2-1/2"]
[Annotator "RC"]
[ECO "C68"]
[WhiteElo "2481"]
[BlackElo "2387"]
[PlyCount "124"]
[EventDate "2025.04.12"]
[EventCountry "NOR"]
[SourceTitle "playchess.com"]
[Source "ChessBase"]
[SourceQuality "1"]
[TimeControl "40/6000+30:2400+30"]

1. e4 e5 2. Nf3 Nc6 3. Bb5 a6 4. Bxc6 dxc6 5. O-O Bd6 6. d4 exd4 7. Qxd4 f6 8. Be3 Ne7 9. Nbd2 Be6 10. Rad1 Ng6 11. Nc4 Bxc4 12. Qxc4 Qe7 13. Rfe1 O-O-O 14. Bc1 Rhe8 15. g3 h5 16. Nd4 Ne5 17. Qe2 Qf7 18. Nf5 Bc5 19. Be3 Bf8 20. a3 Rxd1 21. Rxd1 Qc4 22. Qxc4 Nxc4 23. Bc1 Rxe4 24. Kf1 g6 25. Nh4 g5 26. Ng2 Ne5 27. h4 Nf3 28. hxg5 fxg5 29. Rd3 g4 30. Re3 Rxe3 31. Bxe3 Kd7 32. Nf4 Bg7 33. b3 h4 34. gxh4 Nxh4 35. Nd3 b6 36. a4 Nf5 37. Ke2 c5 38. Bf4 Nd4+ 39. Kd2 Kc6 40. Bg3 Nf3+ 41. Ke3 Bc3 42. Ke2 b5 43. axb5+ axb5 44. Nf4 Ba5 45. Ne6 Nd4+ 46. Nxd4+ cxd4 47. f3 gxf3+ 48. Kxf3 Kd5 49. Ke2 Ke4 50. Bh4 Bb4 51. Bd8 Bd6 52. Bf6 Be5 53. Be7 Bg3 54. Bd8 Bd6 55. Bf6 c6 56. Bd8 Bf4 57. Be7 d3+ 58. cxd3+ Kd4 59. Bf6+ Be5 60. Bxe5+ Kxe5 61. Ke3 c5 62. b4 cxb4 1/2-1/2

[Event "Fagernes Chess GM-Swiss 2025"]
[Site "Fagernes"]
[Date "2025.04.16"]
[Round "4.9"]
[White "Miezis, Normunds"]
[Black "Willow, Jonah B"]
[Result "0-1"]
[Annotator "RC"]
[ECO "A21"]
[WhiteElo "2409"]
[BlackElo "2471"]
[PlyCount "77"]
[EventDate "2025.04.12"]
[EventCountry "NOR"]
[SourceTitle "playchess.com"]
[Source "ChessBase"]
[SourceQuality "1"]
[TimeControl "40/6000+30:2400+30"]

1. c4 e5 2. Nc3 d6 3. Nf3 f5 4. d4 e4 5. Ng1 c6 6. Nh3 Nf6 7. f3 d5 8. Bg5 dxc4 9. e3 b5 10. fxe4 fxe4 11. a4 a6 12. axb5 cxb5 13. Bxf6 Qxf6 14. Qh5+ g6 15. Qd5 Ra7 16. Nxb5 Bxh3 17. gxh3 Rd7 18. Qxc4 axb5 19. Qxb5 Bd6 20. Ra8 Ke7 21. Be2 Rf8 22. Kd1 Qf5 23. d5 Qxh3 24. Kc2 Qxe3 25. Kb1 h5 26. Rc1 Rf2 27. Rc2 Qf4 28. Ra4 Qe5 29. Rc8 Rf8 30. Rcc4 Rf4 31. Ka2 g5 32. Bxh5 e3 33. Rxf4 gxf4 34. Bg4 Rd8 35. Ra7+ Kf6 36. h4 Be7 37. Bf3 e2 38. Qb6+ Kg7 39. Qxd8 0-1

[Event "Fagernes Chess GM-Swiss 2025"]
[Site "Fagernes"]
[Date "2025.04.16"]
[Round "4.10"]
[White "Urazayev, Arystanbek"]
[Black "Melaa, Sondre"]
[Result "1-0"]
[Annotator "RC"]
[ECO "C84"]
[WhiteElo "2467"]
[BlackElo "2344"]
[PlyCount "75"]
[EventDate "2025.04.12"]
[EventCountry "NOR"]
[SourceTitle "playchess.com"]
[Source "ChessBase"]
[SourceQuality "1"]
[TimeControl "40/6000+30:2400+30"]

1. e4 e5 2. Nf3 Nc6 3. Bb5 a6 4. Ba4 Nf6 5. O-O Be7 6. d3 b5 7. Bb3 d6 8. Bd2 O-O 9. h3 h6 10. Re1 Re8 11. a4 Bb7 12. c4 b4 13. a5 Nd7 14. Ba4 Rb8 15. Be3 Bf6 16. Nbd2 Nc5 17. Bxc5 dxc5 18. Nb3 Qd6 19. Nh2 Red8 20. Ng4 Bg5 21. Bxc6 Bxc6 22. Ne3 Qxd3 23. Qxd3 Rxd3 24. Nxc5 Rd2 25. Nxa6 Rb7 26. Nc5 Ra7 27. Nd5 Bxd5 28. exd5 Be7 29. Nb3 Rxb2 30. Rab1 Rxb1 31. Rxb1 c6 32. dxc6 Kf8 33. Rd1 Rc7 34. a6 Ke8 35. Rd7 Rxc6 36. a7 Ra6 37. Rb7 Bd8 38. c5 1-0

[Event "Fagernes Chess GM-Swiss 2025"]
[Site "Fagernes"]
[Date "2025.04.16"]
[Round "4.11"]
[White "Grave, Jacob Templen"]
[Black "Hillarp Persson, Tiger"]
[Result "1/2-1/2"]
[Annotator "RC"]
[ECO "B51"]
[WhiteElo "2337"]
[BlackElo "2462"]
[PlyCount "123"]
[EventDate "2025.04.12"]
[EventCountry "NOR"]
[SourceTitle "playchess.com"]
[Source "ChessBase"]
[SourceQuality "1"]
[TimeControl "40/6000+30:2400+30"]

1. e4 c5 2. Nf3 d6 3. Bb5+ Nd7 4. Ba4 Ngf6 5. O-O g6 6. Re1 Bg7 7. c3 a6 8. d4 b5 9. Bc2 cxd4 10. cxd4 Nb6 11. b3 O-O 12. Bd2 Bg4 13. h3 Bxf3 14. Qxf3 Rc8 15. Bd3 e5 16. a4 d5 17. axb5 axb5 18. dxe5 Nfd7 19. Bf4 Nxe5 20. Bxe5 Bxe5 21. Ra5 b4 22. exd5 Re8 23. Ra7 Qxd5 24. Qxd5 Nxd5 25. Bc4 Bb8 26. Rxe8+ Rxe8 27. Rb7 Re1+ 28. Bf1 Bf4 29. g3 Rxb1 30. gxf4 f5 31. Rb5 Nxf4 32. Rxb4 Nxh3+ 33. Kg2 Ng5 34. Rb7 Ne4 35. Bd3 Rb2 36. Bxe4 fxe4 37. Kg3 h5 38. Rb4 e3 39. fxe3 Kg7 40. Rb7+ Kf6 41. Rb6+ Kg5 42. Rb5+ Kh6 43. Rb8 Rb1 44. b4 Rg1+ 45. Kf2 Rb1 46. Kg3 Kg5 47. Rb5+ Kf6 48. Rb6+ Kf5 49. Rb5+ Ke4 50. Kg2 Rd1 51. Rg5 Rd6 52. Kf2 Kd3 53. Re5 Rf6+ 54. Kg3 Ke2 55. b5 Rf1 56. Kg2 Rf2+ 57. Kg3 Kf1 58. Rc5 Rg2+ 59. Kf3 Rf2+ 60. Kg3 Rg2+ 61. Kf3 Rf2+ 62. Kg3 1/2-1/2

[Event "Fagernes Chess GM-Swiss 2025"]
[Site "Fagernes"]
[Date "2025.04.16"]
[Round "4.12"]
[White "Fiskaaen, Martin Holten"]
[Black "Csonka, Balazs"]
[Result "0-1"]
[Annotator "RC"]
[ECO "E04"]
[WhiteElo "2283"]
[BlackElo "2459"]
[PlyCount "96"]
[EventDate "2025.04.12"]
[EventCountry "NOR"]
[SourceTitle "playchess.com"]
[Source "ChessBase"]
[SourceQuality "1"]
[TimeControl "40/6000+30:2400+30"]

1. d4 Nf6 2. c4 e6 3. Nf3 d5 4. g3 dxc4 5. Bg2 c6 6. O-O b5 7. b3 cxb3 8. Qxb3 Bb7 9. Rd1 Be7 10. Nc3 O-O 11. Ne5 b4 12. Na4 Ba6 13. e3 Bb5 14. Bd2 a5 15. Rac1 Ra7 16. Nxc6 Nxc6 17. Bxc6 Bxc6 18. Rxc6 Ne4 19. Qc2 Qd5 20. Nb6 Qh5 21. Rc1 Qf3 22. Be1 Nc3 23. Rxc3 bxc3 24. Bxc3 Rc7 25. Qb2 h5 26. Bxa5 Rxc1+ 27. Qxc1 h4 28. gxh4 Bxh4 29. Be1 Qb7 30. Na4 Rb8 31. Nc3 Ra8 32. Qc2 Ra5 33. Ne4 Rb5 34. Nc5 Qb8 35. Bc3 Be7 36. Ne4 Qb7 37. f3 Rb1+ 38. Kg2 Qb5 39. Ng3 Ba3 40. Qe2 Qc6 41. Qd3 Rb8 42. Ne2 Bd6 43. e4 Ra8 44. e5 Be7 45. Qe4 Qc8 46. d5 Rxa2 47. d6 Bxd6 48. exd6 Qxc3 0-1

[Event "Fagernes Chess GM-Swiss 2025"]
[Site "Fagernes"]
[Date "2025.04.16"]
[Round "4.13"]
[White "Dotzer, Lukas"]
[Black "Adharsh K"]
[Result "1-0"]
[Annotator "RC"]
[ECO "B62"]
[WhiteElo "2453"]
[BlackElo "2317"]
[PlyCount "127"]
[EventDate "2025.04.12"]
[EventCountry "NOR"]
[SourceTitle "playchess.com"]
[Source "ChessBase"]
[SourceQuality "1"]
[TimeControl "40/6000+30:2400+30"]

1. e4 c5 2. Nc3 Nc6 3. Nf3 d6 4. d4 cxd4 5. Nxd4 Nf6 6. Bg5 e6 7. Qd3 Bd7 8. O-O-O a6 9. f4 Qa5 10. Nxc6 Bxc6 11. Bxf6 gxf6 12. f5 O-O-O 13. Qh3 Qe5 14. Bc4 Bd7 15. Qh5 Be8 16. Qh3 Bd7 17. Qh5 d5 18. Bb3 d4 19. Ne2 exf5 20. exf5 Bc5 21. Ng3 Rhe8 22. Bxf7 Re7 23. Be6 Bxe6 24. fxe6 Qxh5 25. Nxh5 Rxe6 26. Rde1 Rc6 27. Nf4 Bf8 28. Kd1 Bh6 29. Rhf1 Rb6 30. b3 Rbd6 31. Re7 R8d7 32. Re8+ Rd8 33. Re7 R8d7 34. Re8+ Rd8 35. Re4 R8d7 36. Ne6 d3 37. c4 Rf7 38. Nd4 Rd8 39. Nf5 Bf8 40. Ne3 b5 41. cxb5 axb5 42. Rf5 Rb7 43. Rd5 Rxd5 44. Nxd5 Kd7 45. Kd2 f5 46. Rd4 Kc6 47. Nb4+ Bxb4+ 48. Rxb4 Rd7 49. Rf4 Rd5 50. a3 Kd6 51. Rh4 Ke5 52. Rxh7 Rd8 53. Rb7 Rd5 54. Re7+ Kf6 55. Re3 Rd8 56. Rxd3 Ra8 57. b4 Ke5 58. Ke3 Rc8 59. g3 Rc2 60. h4 Kf6 61. Kd4 Ke6 62. Rc3 Rd2+ 63. Kc5 Rd5+ 64. Kb6 1-0

[Event "Fagernes Chess GM-Swiss 2025"]
[Site "Fagernes"]
[Date "2025.04.16"]
[Round "4.14"]
[White "Blomqvist, Erik"]
[Black "Eliseev, Sergey"]
[Result "0-1"]
[Annotator "RC"]
[ECO "B23"]
[WhiteElo "2475"]
[BlackElo "2226"]
[PlyCount "50"]
[EventDate "2025.04.12"]
[EventCountry "NOR"]
[SourceTitle "playchess.com"]
[Source "ChessBase"]
[SourceQuality "1"]
[TimeControl "40/6000+30:2400+30"]

1. e4 c5 2. Nc3 a6 3. d4 cxd4 4. Qxd4 e6 5. Bf4 Nc6 6. Qe3 e5 7. Bg3 Nf6 8. O-O-O d6 9. f4 Qa5 10. Bc4 Be6 11. Nd5 Ng4 12. Qb3 b5 13. f5 bxc4 14. Qb7 Bxd5 15. Qxa8+ Nd8 16. Rxd5 Qxa2 17. Kd2 Be7 18. Nf3 Nf6 19. Re1 O-O 20. Rb5 Nc6 21. Qxc6 axb5 22. Qxb5 Bd8 23. Bh4 Ba5+ 24. c3 Bc7 25. Bxf6 Rb8 0-1